Map: Kairos Junction LE

Players

TLO - Winner!

  • Race: Zerg Zerg
  • Spawn Location: 5:00

Future

  • Race: Terran Terran
  • Spawn Location: 11:00

Event: 2019 WCS Summer

VOD

Have the link to the VOD?

Description

Time

  • Played on: July 12, 2019, 3:37 p.m.
  • Length: 101:12

All games in this series

Show
View Real Time Build Order
Export as new Build Order

TLO Zerg - Winner!

Build Orders: Pool First 

Get SALT Encoding   

  12  0:00  Drone  
  13  0:12  Overlord  
  13  0:16  Drone  
  14  0:30  Drone  
  14  0:31  Drone  
  16  0:41  Spawning Pool  
  15  0:45  Drone  
  15  0:48  Drone  
  17  0:55  Drone, Extractor  
  17  1:18  Hatchery  
  17  1:19  Drone  
  17  1:28  Zergling x4  
  19  1:38  Queen  
  21  1:50  Roach Warren  
  20  1:58  Overlord  
  20  2:09  Zergling x2  
  21  2:30  Zergling x2, Queen  
  21  2:32  Roach x2  
  28  2:45  Roach  
  30  2:52  Roach  
  32  3:03  Roach  
  34  3:05  Overlord  
  34  3:06  Drone  
  34  3:07  Ravager  
  36  3:14  Drone  
  36  3:21  Overlord  
  36  3:25  Drone  
  37  3:32  Drone  
  37  3:33  Drone  
  38  3:37  Drone  
  39  3:42  Ravager x2  
  39  3:48  Drone  
  42  3:49  Drone  
  42  3:53  Drone  
  44  3:58  Drone  
  45  4:04  Drone x2  
  45  4:09  Drone  
  48  4:10  Drone  
  44  4:17  Drone  
Show
View Real Time Build Order
Export as new Build Order

Future Terran 

Build Orders: Reaper Expand 

Get SALT Encoding   

  12  0:00  SCV  
  13  0:13  SCV  
  14  0:17  Supply Depot  
  14  0:25  SCV  
  15  0:38  SCV  
  15  0:39  Barracks  
  16  0:44  Refinery  
  16  0:50  SCV  
  17  1:02  SCV  
  18  1:14  SCV  
  19  1:27  Orbital Command, Reaper  
  20  1:40  Command Center  
  20  1:47  Supply Depot  
  20  1:53  SCV  
  21  1:59  Marine  
  22  2:05  SCV  
  22  2:08  Factory  
  23  2:13  Refinery  
  23  2:17  Marine, SCV  
  25  2:29  Bunker  
  25  2:30  SCV  
  26  2:38  Marine  
  26  2:43  SCV  
  28  2:46  Command Center  
  28  2:52  Factory Tech Lab, Starport  
  28  2:55  SCV  
  28  2:56  Marine  
  30  3:05  Supply Depot  
  30  3:25  SCV  
  30  3:26  Siege Tank  
  33  3:35  Marine  
  33  3:36  Medivac  
  33  3:40  Supply Depot  
  33  3:41  Supply Depot  
  36  3:42  SCV  
  36  3:53  Marine  
  36  3:54  SCV  
Tags
 
Add a new tag
Caveats
  • Supply blocks, unpowered buildings, or Contaminate may cause inaccurate times.
  • Supply counts are checked every 10 seconds.